 Dungeon Crawl Stone Soup version 0.29.1-1-gd02db6906a (webtiles) character file.

Game seed: 1877428180071895142

172 Zeld the Shooter (level 5, 42/53 HPs)
             Began as an Ogre Hunter on Oct 7, 2022.
             Quit the game on level 4 of the Dungeon.
             The game lasted 00:03:40 (3336 turns).

Zeld the Shooter (Ogre Hunter)                      Turns: 3336, Time: 00:03:40

Health: 42/53      AC:  3    Str: 15    XL:     5   Next: 52%
Magic:  5/5        EV: 10    Int: 10    God:
Gold:   172        SH:  0    Dex: 14    Spells: 4/4 levels left

rFire   . . .      SeeInvis .   a - +0 shortbow
rCold   . . .      Faith    .   (shield currently unavailable)
rNeg    . . .      Spirit   .   c - +0 robe
rPois   +          Reflect  .   (helmet restricted)
rElec   .          Harm     .   (no cloak)
rCorr   .          Rampage  .   (gloves unavailable)
Will    .....                   (boots unavailable)
Stlth   ++........              (no amulet)
HPRegen 0.17/turn               q - ring of poison resistance
MPRegen 0.09/turn               (no ring)

@: no status effects
A: large, unfitting armour, tough skin 1
a: no special abilities


You were on level 4 of the Dungeon.
You visited 1 branch of the dungeon, and saw 4 of its levels.

You collected 172 gold pieces.

Inventory:

Hand Weapons
 a - a +0 shortbow (weapon)
Missiles
 x - a boomerang
Armour
 c - a +0 robe (worn)
Jewellery
 q - a ring of poison resistance (left hand)
Wands
 w - a wand of quicksilver (6)
Scrolls
 b - 2 scrolls of immolation
 d - 2 scrolls of silence {unknown}
 e - 2 scrolls of fear {unknown}
 f - a scroll of brand weapon {unknown}
 i - 2 scrolls of identify {unknown}
 k - a scroll of butterflies {unknown}
 n - a scroll of magic mapping {unknown}
 o - a scroll of teleportation {unknown}
 p - a scroll of vulnerability {unknown}
 s - 2 scrolls of blinking {unknown}
 u - a scroll of enchant weapon {unknown}
 v - 2 scrolls of noise {unknown}
Potions
 g - 4 potions of heal wounds {unknown}
 h - a potion of curing {unknown}
 j - a potion of cancellation {unknown}
 l - a potion of mutation {unknown}
 m - a potion of might {unknown}
 r - a potion of berserk rage {unknown}
 t - 2 potions of brilliance {unknown}


   Skills:
 + Level 3.4 Fighting
 * Level 4.7 Ranged Weapons
 + Level 2.0 Dodging
 + Level 0.6 Stealth


You had 4 spell levels left.
You didn't know any spells.
Your spell library was empty.

Dungeon Overview and Level Annotations

Branches:
Dungeon (4/15)
 Temple: D:4-7

Altars:
Hepliaklqana
Makhleb

Annotations:
D:4 Pikel


Innate Abilities, Weirdness & Mutations

You are too large for most types of armour.
You have tough skin. (AC +1)


Message History

Really attack while wielding your +0 shortbow? [Y]es or [N]o only, please.
Really attack while wielding your +0 shortbow? [Y]es or [N]o only, please.
Really attack while wielding your +0 shortbow?
Okay, then.
You shoot an arrow. The arrow closely misses the quokka.
The arrow hits the giant cockroach.
You kill the giant cockroach!
A giant cockroach comes into view.
The quokka barely misses you.
You shoot an arrow. The arrow hits the quokka.
The quokka is severely wounded.
The quokka bites you.
The quokka bites you but does no damage.
You shoot an arrow. The arrow hits the quokka.
The quokka is almost dead.
The quokka bites you.
You shoot an arrow.
The arrow hits the quokka but does no damage.
The quokka is almost dead.
The quokka barely misses you. The quokka bites you.
You shoot an arrow. The arrow barely misses the quokka.
The arrow hits the giant cockroach.
The giant cockroach is moderately wounded.
The quokka barely misses you. The quokka misses you.
You shoot an arrow. The arrow hits the quokka.
You kill the quokka!
You shoot an arrow. The arrow hits the giant cockroach.
The giant cockroach is severely wounded.
The giant cockroach bites you but does no damage.
The giant cockroach bites you.
You shoot an arrow. The arrow hits the giant cockroach.
You kill the giant cockroach!
No target in view!
You enter the shallow water.
Moving in this stuff is going to be slow.
Why would you want to do that? 3 quokkas come into view.
Are you sure you want to abandon this character and quit the game? (Confirm with "yes".)

#...
##.~##
#..
#.~.###..
###
##.~##~..
#.≈#≈r≈#
#~≈#≈r≈#
#.≈#≈r≈#
#.≈#≈.≈#
#~≈#≈.≈#
#~≈#≈@≈#
#~~..~##
##~..##
#####


You could see 3 quokkas.

Vanquished Creatures
  A hound (D:3)
  An orc priest (D:3)
  3 gnolls (D:2)
  An adder (D:4)
  A dart slug (D:1)
  7 orcs (D:3)
  An endoplasm (D:2)
  2 giant cockroaches (D:4)
  3 goblins
  9 hobgoblins
  4 jackals
  6 quokkas
  3 ball pythons (D:1)
  7 bats
  6 kobolds
  3 rats
58 creatures vanquished.

Notes
Turn   | Place    | Note
-------+----------+-------------------------------------------
     0 | D:1      | Zeld the Ogre Hunter began the quest for the Orb.
     0 | D:1      | Reached XP level 1. HP: 22/22 MP: 1/1
    24 | D:1      | Reached skill level 3 in Ranged Weapons
   359 | D:3      | Reached XP level 2. HP: 24/29 MP: 2/2
  1229 | D:1      | Reached XP level 3. HP: 34/36 MP: 3/3
  1772 | D:2      | Found a faded altar of an unknown god.
  1963 | D:2      | Reached skill level 4 in Ranged Weapons
  1963 | D:2      | Reached XP level 4. HP: 44/44 MP: 4/4
  2336 | D:4      | Noticed Pikel
  2339 | D:4      | Noticed a phantom
  2343 | D:4      | Noticed a lemure
  2343 | D:4      | Noticed a lemure
  2343 | D:4      | Noticed a lemure
  2368 | D:4      | Found a burning altar of Makhleb.
  2758 | D:3      | Reached XP level 5. HP: 53/53 MP: 5/5
  2768 | D:3      | Found a hazy altar of Hepliaklqana.
  3336 | D:4      | Quit the game

Illustrated notes

Levels and vault maps discovered:
D:1:      minmay_arrival_checkered_box, layout_basic, minivault_26,
          minmay_pentomino_x2
D:2:      layout_rooms, shapermc_ecumenical_altar_ellora
D:3:      layout_rooms, nicolae_hepliaklqana_hippocampus, minivault_11
D:4:      layout_basic, kennysheep_mini_moat, nicolae_tso_carved_into_rock,
          gammafunk_ghost_stat_death, gup_sewer_entry_pipe, uniq_pikel

Skill      XL: |  1  2  3  4  5 |
---------------+----------------+-----
Ranged Weapons | 3 4 |  4.7
Fighting       | 3 |  3.4
Dodging        | 2 |  2.0
Stealth        | |  0.6

Action                   |  1- 3 |  4- 6 || total
-------------------------+-------+-------++-------
 Fire: Shortbow          |   109 |    90 ||   199
Armor: Robe              |    17 |    29 ||    46
Dodge: Dodged            |    22 |    46 ||    68
